Unix NetHack Version 5.0.0-0 post-release - last build Jul 19 2026 19:10:59 (3aa4ab31751d3886436d94b585a96704892fd477,branch:main).

Game began 2026-07-27 22:23:00, ended 2026-07-27 22:34:58.

Eisengrim, chaotic male elven Wizard

                                  G


                                .....
                              G......
                              -@....-
                              .)%....
                              ...%..-
                               ....-
                                ----

Eisengrim the Conjurer    St:9 Dx:16 Co:9 In:20 Wi:9 Ch:12  Chaotic
Dlvl:5  $:86 HP:0(23) Pw:4(31) AC:8  Xp:4 T:1701 

Latest messages:
 The cave spider bites!
 You see the cave spider hide under rocks.
 The kitten bites the cave spider.
 The cave spider is killed!
 In what direction?
 The spell hits it!
 You kill it!
 Welcome to experience level 4.
 You feel awake!
 Your kitten eats a cave spider corpse.
 Your kitten eats a cave spider corpse.
 You descend the stairs.
 The kitten falls into a pit!
 The kitten is killed!
 The hobbit throws an elven dagger!
 You are hit by an elven dagger!
 The gnome wields a thonged club!
 The gnome secures the tether on the thonged club.
 In what direction?
 The spell hits the hobbit!
 You kill the hobbit!
 You fall into a pit!
 There is a pit here.
 You see here a kitten corpse.
 You are still in a pit.
 You are still in a pit.
 In what direction?
 The spell hits the gnome!
 You kill the gnome!
 You are still in a pit.
 You crawl to the edge of the pit.
 You don't have enough energy to cast that spell.
 You miss the gnome.
 You fall into a pit!
 There is a pit here.
 You see here a kitten corpse.
 You are still in a pit.
 You are still in a pit.
 You are still in a pit.
 You crawl to the edge of the pit.
 You don't have enough energy to cast that spell.
 What do you want to zap? [cr or ?*]
 You don't have that object.
 What do you want to zap? [cr or ?*]
 What do you want to zap? [cr or ?*]
 Never mind.
 The gnome swings his thonged club.
 The gnome hits!
 You die...
 Do you want your possessions identified? [ynq] (y)

Inventory:
 Coins    ('$')
  $ - 86 gold pieces
 Weapons  (')')
  s - the +0 Sting (weapon in right hand)
  a - a blessed +1 quarterstaff
 Armor    ('[')
  y - an uncursed +0 pair of speed boots (being worn)
  b - an uncursed +0 cloak of magic resistance (being worn)
  t - an uncursed +0 dwarvish cloak
 Comestibles  ('%')
  A - an uncursed tripe ration
 Scrolls  ('?')
  B - 2 uncursed scrolls of fire
  v - an uncursed scroll of food detection
  j - an uncursed scroll of gold detection
  i - 3 uncursed scrolls of identify
  h - an uncursed scroll of magic mapping
 Spellbooks  ('+')
  l - an uncursed spellbook of create monster
  k - a blessed spellbook of force bolt
 Potions  ('!')
  u - an uncursed potion of enlightenment
  f - 2 uncursed potions of healing
  g - 2 uncursed potions of paralysis
 Rings    ('=')
  d - an uncursed ring of conflict
  e - an uncursed ring of searching
 Wands    ('/')
  c - a wand of secret door detection (0:12)
  r - a wand of stasis (0:5)
 Tools    ('(')
  n - an uncursed tooled horn
  m - a magic marker (0:19)
  p - an uncursed tin whistle
 Gems/Stones  ('*')
  o - an uncursed worthless piece of black glass
  w - 2 uncursed worthless pieces of red glass

Eisengrim the Wizard's attributes:

Background:
 You were a Conjurer, a level 4 male elven Wizard.
 You were chaotic, nominally on a mission for Anhur
 who was opposed by Ptah (lawful) and Thoth (neutral).
 You were right-handed.
 You were in the Gnomish Mines, on level 5.
 You entered the dungeon 1701 turns ago.
 It was nighttime.
 You had 94 experience points, 66 more were needed to attain level 5.

Basics:
 You had 0 out of 23 hit points.
 You had 4 out of 31 energy points (spell power).
 Your armor class was 8.
 Your wallet contained 86 zorkmids.
 Autopickup was off.

Final Characteristics:
 Your strength was 9 (limit:18).
 Your dexterity was 16 (limit:18).
 Your constitution was 9 (peak:10, limit:16).
 Your intelligence was 20 (limit:20).
 Your wisdom was 9 (limit:20).
 Your charisma was 12 (limit:18).

Final Status:
 You weren't hungry.
 You were unencumbered.
 You were wielding a dagger.
 You were unskilled in dagger.

Final Attributes:
 You were devoutly aligned.
 You were magic-protected.
 You were sleep resistant.
 You were aware of the presence of orcs.
 You had infravision.
 You were warded.
 You were very fast.
 You are dead.

Miscellaneous:
 You didn't encounter any bones levels.
 Total elapsed playing time was 11 minutes and 56 seconds.

Major events:
 Turn
    1: Eisengrim the chaotic male elven Wizard entered the dungeon
  670: became literate by naming Sting
  942: attained the rank of Conjurer (level 3)
 1685: entered the Gnomish Mines
 1701: killed by a gnome

Spells:
 Name                 Level Category     Fail Retention
 force bolt             1   attack         0%  91%-100%
 create monster         2   clerical      39%  76%-100%

Skills:
 Fighting Skills
   bare handed combat [Unskilled]
   riding             [Unskilled]
 Weapon Skills
   dagger             [Unskilled]
   knife              [Unskilled]
   axe                [Unskilled]
   short sword        [Unskilled]
   club               [Unskilled]
   mace               [Unskilled]
   quarterstaff       [Basic]
   polearms           [Unskilled]
   spear              [Unskilled]
   trident            [Unskilled]
   sling              [Unskilled]
   dart               [Unskilled]
   shuriken           [Unskilled]
 Spellcasting Skills
   attack spells      [Basic]
   healing spells     [Unskilled]
   divination spells  [Unskilled]
   enchantment spells [Basic]
   clerical spells    [Unskilled]
   escape spells      [Unskilled]
   matter spells      [Unskilled]

Voluntary challenges:
 Character rerolling was not enabled.
 You were an atheist.
 You never genocided any monsters.
 You never polymorphed an object.
 You never changed form.
 You used no wishes.
Achievements:
 You attained the rank of Conjurer.
 You entered a shop.
 You entered the Gnomish Mines.

 The Dungeons of Doom: levels 1 to 5
    Level 1:
    Level 2:
       A sink.
    Level 3:
    Level 4:
       An armor shop.
       Stairs down to The Gnomish Mines.
    Level 5:
 The Gnomish Mines:
    Level 5: <- You were here.
       Final resting place for
          you, killed by a gnome.


Vanquished creatures:
  a straw golem
  2 kittens
 an iguana
 an acid blob
  2 hobbits
  a large kobold
  2 cave spiders
  a gnome
  a garter snake
  3 jackals
  a fox
  2 goblins
  2 sewer rats
  4 grid bugs
  a bat
  3 lichens
  5 newts
33 creatures vanquished.

No species were genocided or became extinct.

Game over:
                       ----------
                      /          \
                     /    REST    \
                    /      IN      \
                   /     PEACE      \
                  /                  \
                  |    Eisengrim     |
                  |      86 Au       |
                  |   killed by a    |
                  |      gnome       |
                  |                  |
                  |                  |
                  |       2026       |
                 *|     *  *  *      | *
        _________)/\\_//(\/(/\)/\//\/|_)_______

Goodbye Eisengrim the Wizard...

You died in The Gnomish Mines on dungeon level 5 with 654 points,
and 86 pieces of gold, after 1701 moves.
You were level 4 with a maximum of 23 hit points when you died.

